 Dungeon Sprint DCSS version 0.19.1 (webtiles) character file.

725 Groucho the Protected (level 7, -3/50 HPs)
             Began as a Gargoyle Monk on Dec 2, 2016.
             Was a Priest of Makhleb.
             Slain by an unseen horror (9 damage)
             ... in the Dungeon (Sprint IX: "|||||||||||||||||||||||||||||").
             The game lasted 00:02:15 (723 turns).

Groucho the Protected (Gargoyle Monk)                Turns: 723, Time: 00:02:15

Health: -3/50      AC:  7    Str: 17    XL:     7   Next: 72%
Magic:  7/7        EV: 12    Int: 10    God:    Makhleb [***...]
Gold:   0          SH:  0    Dex: 12    Spells: 0 memorised, 6 levels left

rFire  . . .     SeeInvis .     f - +2 dire flail (crush)
rCold  . . .     Gourm    .     b - +0 robe
rNeg   + . .     Faith    .     (shield currently unavailable)
rPois  ∞         Spirit   .     (no helmet)
rElec  +         Reflect  .     (no cloak)
rCorr  .         Harm     .     (no gloves)
MR     .....     NoTele   +     (no boots)
Stlth  ++........               (no amulet)
                                (no ring)
                                (no ring)

@: very slightly contaminated
A: negative energy resistance 1, electricity resistance, unbreathing,
petrification resistance, rot immunity, AC +4
a: Minor Destruction, Lesser Servant of Makhleb, Renounce Religion


You were in the Dungeon.
You worshipped Makhleb.
Makhleb was most pleased with you.
You were not hungry.

You visited 1 branch

Inventory:

Hand Weapons
 a - a +0 mace
 f - a +2 dire flail of crushing (weapon)
Armour
 b - a +0 robe (worn)
Jewellery
 m - a +3 ring of intelligence
 n - a +3 ring of dexterity
Wands
 l - a wand of iceblast (7/15)
Scrolls
 i - 2 scrolls of blinking
 j - 3 scrolls of remove curse
 k - 2 scrolls of amnesia
Potions
 d - 5 potions of curing
 e - a potion of heal wounds
 g - 4 potions of magic
Comestibles
 c - a bread ration


   Skills:
 + Level 8.7 Fighting
 * Level 10.7 Maces & Flails
 * Level 11.1 Armour
 - Level 2.4 Dodging
 - Level 2.1 Stealth


You had 6 spell levels left.
You didn't know any spells.

Dungeon Overview and Level Annotations

Branches:
Dungeon (1/1)

Altars:
Cheibriados
Dithmenos
Elyvilon
Fedhas
Gozag
Hepliaklqana
Kikubaaqudgha
Makhleb
Nemelex Xobeh
Okawaru
Qazlal
Ru
Sif Muna
Trog
Uskayaw
Vehumet
Xom
Yredelemnul
Zin
The Shining One
Beogh
Jiyva
Lugonu


Innate Abilities, Weirdness & Mutations

You are resistant to torment.
Your stone body is resilient. (AC +4)
You are immune to poison.
You resist negative energy. (rN+)
You are resistant to electric shocks. (rElec)
You can survive without breathing.
You are immune to petrification.
You are immune to rotting.


Message History

You closely miss something. Something completely misses you.
Something hits you!
* * * LOW HITPOINT WARNING * * *
You feel much better. Something hits you.
You hit something but do no damage. Something hits you but does no damage.
You miss something. Something hits you but does no damage.
Unknown command.
You feel yourself slow down. Something hits you but does no damage.
Items here: ))))) a +2 scimitar of holy wrath; a +0 lajatang; a +2 halberd of venom a +3 war axe of chopping; a +2 rapier of electrocution You flicker back into view.
Something hits you!
* * * LOW HITPOINT WARNING * * *
You see here an uncursed staff of energy.
You miss something. Something hits you.
* * * LOW HITPOINT WARNING * * *
Something hits you!
You die...

▓≈▓
▓'▓
▓)▓
▓)▓
▓[▓
▓)▓
▓[▓
▓)▓
▓@▓
▓.▓
▓.▓
▓'▓
▓.▓
▓_▓
▓_▓
▓_▓
▓_▓


There were no monsters in sight!

Vanquished Creatures
  A hill giant (D)
  A sky beast (D)
  An ogre (D)
  A hound (D)
  A worker ant (D)
  An adder (D)
  An adder skeleton (D)
  An orc (D)
  A bat skeleton (D)
  A quokka (D)
  A frilled lizard (D)
  3 kobolds (D)
  A rat (D)
15 creatures vanquished.

Notes
Turn   | Place    | Note
-------+----------+-------------------------------------------
     0 | D        | Groucho the Gargoyle Monk began the quest for the Orb.
     0 | D        | Reached XP level 1. HP: 14/14 MP: 1/1
    10 | D        | Reached skill level 1 in Armour
    28 | D        | Reached skill level 2 in Armour
   472 | D        | Noticed a hound
   475 | D        | Reached XP level 2. HP: 20/20 MP: 2/2
   479 | D        | Reached skill level 3 in Armour
   486 | D        | Reached skill level 5 in Maces & Flails
   486 | D        | Reached skill level 4 in Armour
   486 | D        | Reached XP level 3. HP: 19/24 MP: 3/3
   607 | D        | Found a roughly hewn altar of Beogh.
   607 | D        | Found a snail-covered altar of Cheibriados.
   607 | D        | Found a shadowy altar of Dithmenos.
   607 | D        | Found a white marble altar of Elyvilon.
   607 | D        | Found a blossoming altar of Fedhas.
   607 | D        | Found an opulent altar of Gozag.
   608 | D        | Found a hazy altar of Hepliaklqana.
   609 | D        | Found a viscous altar of Jiyva.
   610 | D        | Found an ancient bone altar of Kikubaaqudgha.
   611 | D        | Found a corrupted altar of Lugonu.
   612 | D        | Found a burning altar of Makhleb.
   613 | D        | Found a sparkling altar of Nemelex Xobeh.
   614 | D        | Found an iron altar of Okawaru.
   615 | D        | Found a stormy altar of Qazlal.
   616 | D        | Found a sacrificial altar of Ru.
   617 | D        | Found a deep blue altar of Sif Muna.
   618 | D        | Found a bloodstained altar of Trog.
   619 | D        | Found a hide-covered altar of Uskayaw.
   620 | D        | Found a radiant altar of Vehumet.
   621 | D        | Found a shimmering altar of Xom.
   622 | D        | Found a basalt altar of Yredelemnul.
   623 | D        | Found a glowing silver altar of Zin.
   624 | D        | Found a glowing golden altar of the Shining One.
   634 | D        | Became a worshipper of Makhleb the Destroyer
   634 | D        | Reached * piety under Makhleb
   634 | D        | Reached ** piety under Makhleb
   664 | D        | Noticed a sky beast
   664 | D        | Noticed a hill giant
   664 | D        | Noticed an ogre
   695 | D        | Killed a hill giant
   695 | D        | Reached skill level 10 in Maces & Flails
   695 | D        | Reached skill level 10 in Armour
   695 | D        | Reached XP level 4. HP: 35/35 MP: 4/4
   695 | D        | Reached XP level 5. HP: 39/39 MP: 5/5
   695 | D        | Reached XP level 6. HP: 44/44 MP: 6/6
   695 | D        | Reached XP level 7. HP: 49/49 MP: 7/7
   703 | D        | Reached *** piety under Makhleb
   706 | D        | Reached skill level 11 in Armour
   723 | D        | Slain by an unseen horror

Skill      XL: |  1  2  3  4  5  6  7 |
---------------+----------------------+-----
Armour         | 2 4 10 11 | 11.1
Fighting       | 4 8 |  8.7
Maces & Flails | 5 10 | 10.7
Dodging        | |  2.4
Stealth        | |  2.1

Action                   |  1- 3 |  4- 6 |  7- 9 || total
-------------------------+-------+-------+-------++-------
Melee: Mace              |    41 |       |       ||    41
       Dire flail        |    18 |       |    14 ||    32
  Use: Potion            |     4 |       |     1 ||     5
 Stab: Invisible         |     5 |       |     1 ||     6
Armor: Robe              |    10 |       |     7 ||    17
Dodge: Dodged            |    28 |       |     6 ||    34
